 Dungeon Crawl Stone Soup version 0.14.2 (webtiles) character file.

188 magog001 the Vandal (level 4, 0/27 HPs)
             Began as a Halfling Hunter on Sept 30, 2016.
             Succumbed to an adder's poison
             ... on Level 3 of the Dungeon.
             The game lasted 00:14:24 (1916 turns).

magog001 the Vandal (Halfling Hunter)               Turns: 1916, Time: 00:14:24

HP   0/27        AC  3     Str 10      XL: 4   Next: 75%
MP   4/4         EV 13     Int 11      God:
Gold 103         SH  0     Dex 16      Spells:  1 memorised,  1 level left

rFire  . . .     SeeInvis .     a - +0 short sword
rCold  . . .     Clarity  .     d - +0 leather armour
rNeg   . . .     Conserve .     (no shield)
rPois  .         rCorr    .     (no helmet)
rElec  .         rRot     .     (no cloak)
SustAb . .       Spirit   .     (no gloves)
rMut   .         Warding  .     (no boots)
Saprov . . .     Stasis   .     (no amulet)
MR     .....                    (no ring)
                                (no ring)

@: flying, lethally poisoned, not resistant to hostile enchantments, fairly
stealthy
A: mutation resistance 1, slow metabolism 1
a: no special abilities


You were on level 3 of the Dungeon.
You were not hungry.

You visited 1 branch of the dungeon, and saw 3 of its levels.

You collected 103 gold pieces.

Inventory:

Hand weapons
 a - a +0,+0 short sword (weapon)
 b - a +1,+1 sling
 s - a +0,+0 dagger
 t - a +0,+0 sling
Missiles
 y - 30 arrows
 A - 2 javelins
Armour
 d - a +0 leather armour (worn)
 B - a +0 robe
 D - a +0 pair of gloves
Comestibles
 f - a bread ration
 h - 2 chunks of hobgoblin flesh
 j - a meat ration
 l - a choko
 n - a rotting chunk of worm flesh
Scrolls
 e - a scroll of remove curse {unknown}
 g - a scroll of blinking {unknown}
 k - a scroll of identify {unknown}
 r - a scroll of teleportation {unknown}
 v - a scroll of magic mapping {unknown}
Jewellery
 o - a +5 ring of protection {unknown}
Potions
 i - a potion of heal wounds {unknown}
 q - a potion of confusion {unknown}
 w - 2 potions of brilliance {unknown}
 z - 3 potions of curing {unknown}
 E - a potion of restore abilities {unknown}
Books
 x - a book of Necromancy

   Spells                             Type                      Level
   Pain                               Necromancy                   1
   Animate Skeleton                   Necromancy                   1
   *Lethal Infusion                   Charms/Necromancy            2
   Vampiric Draining                  Necromancy                   3
   Regeneration                       Charms/Necromancy            3
   Animate Dead                       Necromancy                   4
   Control Undead                     Necromancy                   4


   Skills:
 + Level 0.8 Fighting
 * Level 7.9 Slings
 + Level 0.7 Armour
 * Level 2.7 Dodging
 + Level 1.7 Stealth


You had one spell level left.
You knew the following spells:

 Your Spells              Type           Power        Failure   Level  Hunger
a - Lethal Infusion       Chrm/Necr      #.........   56%         2    ###....


Dungeon Overview and Level Annotations

Branches:
Dungeon (3/15)

Altars:


Innate Abilities, Weirdness & Mutations

You are small and have problems with some larger weapons.
You are somewhat resistant to further mutation.
You have a slow metabolism.


Message History

Some of the chunks of flesh in your inventory have completely rotted away.
You closely miss the adder.
The adder is heavily wounded.
* * * LOW HITPOINT WARNING * * *
You feel sick. The adder barely misses you. The adder misses you.
You barely miss the adder.
The adder is heavily wounded.
* * * LOW HITPOINT WARNING * * *
You feel sick. The adder bites you.
* * * LOW HITPOINT WARNING * * *
You closely miss the adder.
The adder is heavily wounded.
The adder bites you.
* * * LOW HITPOINT WARNING * * *
The adder completely misses you.
You feel very buoyant.
You fly up into the air.
It was a potion of flight.
* * * LOW HITPOINT WARNING * * *
You feel sick. The adder bites you but does no damage.
You die...

### ....
.....
......>######
(......S)@..#
.....(.####.#
..... #.#
.... #.# ...
#.# . #.# #.#
#.# #.#


You could see an adder.

Vanquished Creatures
  2 adders
  3 worms (D:2)
  2 giant geckos
  An ooze (D:1)
  7 bats
  2 giant cockroaches (D:1)
  7 goblins
  4 hobgoblins
  6 jackals
  4 giant newts
  A goblin skeleton (D:3)
  3 kobolds
  A quokka (D:2)
  5 rats
  A plant (D:1)
49 creatures vanquished.

Notes
Turn   | Place    | Note
--------------------------------------------------------------
     0 | D:1      | magog001, the Halfling Hunter, began the quest for the Orb.
     0 | D:1      | Reached XP level 1. HP: 12/12 MP: 1/1
    17 | D:1      | Reached skill level 6 in Slings
   127 | D:1      | Reached XP level 2. HP: 18/18 MP: 2/2
   698 | D:1      | Reached XP level 3. HP: 22/22 MP: 3/3
   718 | D:1      | Reached skill level 7 in Slings
  1273 | D:2      | Learned a level 2 spell: Lethal Infusion
  1331 | D:2      | Reached XP level 4. HP: 27/27 MP: 4/4
  1915 | D:3      | HP: 1/27 [poisoned by an adder]
  1916 | D:3      | Succumbed to an adder's poison

Action                   |  1- 3 |  4- 6 || total
-------------------------+-------+-------++-------
Melee: Short sword       |    84 |     8 ||    92
 Fire: Sling             |    60 |    43 ||   103
Throw: Dart              |       |     4 ||     4
  Use: Potion            |       |     1 ||     1
